Description

Serrals roach timing, pool first

VOD

https://www.youtube.com/watch?v=c9p20iRoWmo&list=LLTw8guSolbgAbSCd_d5yg8Q&index=3&t=0s

Build Order

Get SALT Encoding   

  12  0:00  Drone  
  13  0:12  Overlord  
  13  0:17  Drone  
  14  0:30  Drone x3  
  17  0:44  Extractor  
  17  0:45  Drone  
  17  0:50  Spawning Pool  
  17  0:55  Drone  
  17  1:06  Drone  
  18  1:18  Hatchery  
  18  1:22  Drone  
  18  1:36  Queen  
  18  1:37  Zergling x2  
  21  1:43  Metabolic Boost  
  21  1:50  Overlord  
  21  1:55  Zergling x2  
  22  2:10  Drone  
  22  2:14  Queen  
  27  2:32  Queen  
  36  2:52  Overlord  
  36  3:09  Hatchery  
  36  3:18  Queen  
  42  3:27  Zergling x2  
  42  3:30  Overlord x2  
  43  3:49  Zergling x6  
  43  3:54  Queen  
  52  3:57  Zergling x6  
  55  4:09  Zergling x2  
  56  4:10  Spore Crawler  
  56  4:24  Queen  
  72  5:27  Lair, Evolution Chamber x2  
  71  5:29  Extractor x4  
  70  5:36  Spore Crawler  
  70  5:41  Hatchery  
  70  5:45  Roach Warren  
  70  5:55  Zerg Ground Armor Level 1, Zerg Missile Weapons Level 1  
  75  5:58  Extractor  
  82  6:25  Glial Reconstitution  
  85  6:30  Overseer x2  
  85  6:31  Roach x2  
  92  6:37  Roach x3  
  98  6:43  Roach x3  
  104  6:52  Roach x2  
  110  6:59  Ravager x5  
  159  7:59  Overseer  
  171  8:15  Ravager x5  
Spawning Tool Build Advisor. Get it on Overwolf

Go to:

Details

  • Created by: Sumiik
  • Published on: Apr 28, 2019
  • Modified on: Apr 28, 2019
  • Patch: 4.7.1
Show
View Real Time Build Order
Export as new Build Order

Comments (0)

There are no comments. Be the first!

Create an account to comment!